 Dungeon Crawl Stone Soup version 0.21-a0-522-ga8338f0 (webtiles) character file.

56 Astral24 the Shield-Bearer (level 4, -1/35 HPs)
             Began as a Formicid Fighter on Dec 6, 2017.
             Slain by Crazy Yiuf
             ... wielding a +2 quarterstaff of chaos
              (17 damage)
             ... on level 2 of the Dungeon.
             The game lasted 00:09:55 (1718 turns).

Astral24 the Shield-Bearer (Formicid Fighter)       Turns: 1718, Time: 00:09:55

Health: -1/35      AC:  6    Str: 22    XL:     4   Next: 17%
Magic:  4/4        EV:  8    Int:  7    God:
Gold:   147        SH:  9    Dex: 10    Spells: 3/3 levels left

rFire    . . .     SeeInvis +   a - +0 long sword
rCold    . . .     Gourm    +   c - +0 shield
rNeg     . . .     Faith    .   b - +0 scale mail
rPois    .         Spirit   .   (helmet unavailable)
rElec    .         Reflect  .   (no cloak)
rCorr    .         Harm     .   (no gloves)
MR       .....                  (no boots)
Stlth    ..........             i - amulet of the gourmand
HPRegen  0.11/turn              (no ring)
MPRegen  0.09/turn              (no ring)

@: lethally poisoned (-1 -> -6)
A: permanent stasis, dig shafts and tunnels, four strong arms, antennae 3
a: Dig, Shaft Self


You were on level 2 of the Dungeon.
You were completely stuffed.

You visited 1 branch of the dungeon, and saw 2 of its levels.

You collected 147 gold pieces.

Inventory:

Hand Weapons
 a - a +0 long sword (weapon)
Missiles
 g - 55 stones (quivered)
 j - 64 sling bullets
 x - 2 throwing nets
Armour
 b - a +0 scale mail (worn)
 c - a +0 shield (worn)
Jewellery
 i - an amulet of the gourmand (around neck)
 q - an uncursed amulet of magic regeneration
 t - a +4 amulet of reflection {unknown}
Scrolls
 e - 5 scrolls of identify {unknown}
 k - 2 scrolls of remove curse {unknown}
 l - 2 scrolls of magic mapping {unknown}
 m - 2 scrolls of teleportation {unknown}
 p - a scroll of blinking {unknown}
 u - a scroll of enchant armour {unknown}
 v - a scroll of fear {unknown}
 w - a scroll of noise {unknown}
Potions
 d - a potion of might
 o - a potion of ambrosia {unknown}
 s - a potion of curing {unknown}
Comestibles
 f - 3 bread rations
 h - 4 fruits
 n - 2 meat rations


   Skills:
 + Level 3.4 Fighting
 * Level 3.2 Long Blades
 + Level 3.6 Armour
 + Level 0.1 Dodging
 + Level 4.3 Shields


You had 3 spell levels left.
You didn't know any spells.

Dungeon Overview and Level Annotations

Branches:
Dungeon (2/15)

Altars:

Annotations:
D:2 Crazy Yiuf


Innate Abilities, Weirdness & Mutations

You cannot be hasted, slowed, berserked, paralysed or teleported.
You can dig through walls and to a lower floor.
Your four strong arms can wield two-handed weapons with a shield.
You have a pair of large antennae on your head. (SInv)


Message History

Crazy Yiuf is heavily wounded.
You feel sick. Crazy Yiuf closely misses you.
You hit Crazy Yiuf.
Crazy Yiuf is severely wounded.
You feel sick. Crazy Yiuf closely misses you.
You closely miss Crazy Yiuf.
Crazy Yiuf is severely wounded.
You feel sick.
Crazy Yiuf laughs, "Ice mobile hog!"
Crazy Yiuf barely misses you.
You riposte.
Your shield prevents you from hitting Crazy Yiuf.
Crazy Yiuf is severely wounded.
Your shield and scale mail prevent you from hitting Crazy Yiuf.
Crazy Yiuf is severely wounded.
You feel sick. Crazy Yiuf closely misses you.
Your shield and scale mail prevent you from hitting Crazy Yiuf.
Crazy Yiuf is severely wounded.
Crazy Yiuf cries, "Snoogle green seventy!"
Crazy Yiuf hits you but does no damage.
You are electrocuted!
You die...

##..##
♣.PP.♣
♣.P.♣♣
♣♣.♣♣
♣.♣♣
♣♣.♣
♣.♣♣
♣♣.♣
#@# #
#.g.#
#####
#...#
......
#..)#
##.###
#####
# .. #


You could see Crazy Yiuf.

Vanquished Creatures
  A worm (D:2)
  A dart slug (D:2)
  A giant cockroach (D:1)
  A goblin (D:1)
  8 hobgoblins
  14 jackals
  3 kobolds (D:1)
  A quokka (D:2)
  4 bats
  4 frilled lizards (D:1)
  5 rats
43 creatures vanquished.

Notes
Turn   | Place    | Note
-------+----------+-------------------------------------------
     0 | D:1      | Astral24 the Formicid Fighter began the quest for the Orb.
     0 | D:1      | Reached XP level 1. HP: 18/18 MP: 1/1
    23 | D:1      | Reached XP level 2. HP: 21/24 MP: 2/2
   343 | D:1      | Reached XP level 3. HP: 23/29 MP: 3/3
   366 | D:1      | Reached skill level 4 in Shields
  1421 | D:2      | Reached XP level 4. HP: 35/35 MP: 4/4
  1703 | D:2      | Found a runed door.
  1707 | D:2      | Noticed Crazy Yiuf
  1718 | D:2      | Slain by Crazy Yiuf

Vault maps used:
D:1:      dpeg_arrival_tiny_a
D:2:      grunt_decor_cap, uniq_crazy_yiuf_cottage

Skill      XL: |  1  2  3 |
---------------+----------+-----
Shields        | 4 |  4.3
Long Blades    | 3 |  3.2
Fighting       | |  3.4
Armour         | |  3.6
Dodging        | |  0.1

Action                   |  1- 3 |  4- 6 || total
-------------------------+-------+-------++-------
Melee: Long sword        |   114 |    28 ||   142
  Eat: Chunk             |    29 |     2 ||    31
Armor: Scale mail        |    60 |    15 ||    75
Dodge: Dodged            |    33 |    10 ||    43
Block: Shield            |    79 |    22 ||   101
       Rpst.: Long sword |    13 |     2 ||    15

Table legend:
 A = Spawn XP
 B = Non-spawn XP
 C = Spawn XP percentage of total XP
 D = Spawn monster count
 E = Non-spawn monster count
 F = Spawn count percentage of total count
 G = Total turns spent on level
                    A         B        C        D         E        F      G
               +---------+---------+-------+---------+---------+-------+---------
         Total |       0 |      81 |   0.0 |       0 |      43 |   0.0 |  1718
               +---------+---------+-------+---------+---------+-------+---------
           D:1 |       0 |      49 |   0.0 |       0 |      29 |   0.0 |  1113
           D:2 |       0 |      32 |   0.0 |       0 |      14 |   0.0 |   605
               +---------+---------+-------+---------+---------+-------+---------
